 Dungeon Crawl Stone Soup version 0.28.0-53-g5a82cb258f (webtiles) character file.

Game seed: 18426373413586033166

365 SanguineChosen the Firebug (level 6, -4/52 HPs)
             Began as a Hill Orc Cinder Acolyte on June 21, 2022.
             Was a High Priest of Ignis.
             Slain by a gnoll
             ... wielding a +2 halberd of venom
              (10 damage)
             ... on level 5 of the Dungeon.
             The game lasted 00:16:42 (5271 turns).

SanguineChosen the Firebug (HOCA)                   Turns: 5271, Time: 00:16:51

Health: -4/52      AC:  4    Str: 19    XL:     6   Next: 68%
Magic:  10/19      EV: 11    Int: 14    God:    Ignis [*****.]
Gold:   197        SH:  0    Dex:  6    Spells: 9/11 levels left

rFire   + . .      SeeInvis .   o - +3 trident of Ippufaad {vamp, *Slow rN+ rCorr}
rCold   . . .      Faith    .   (no shield)
rNeg    + . .      Spirit   .   b - +0 robe
rPois   .          Reflect  .   (no helmet)
rElec   .          Harm     .   f - +0 cloak
rCorr   +          Rampage  .   l - +0 pair of gloves
Will    .....                   (no boots)
Stlth   +.........              (no amulet)
HPRegen 0.17/turn               g - ring of magical power
MPRegen 0.16/turn               (no ring)

@: lethally poisoned (-4 -> -28)
A: no striking features
a: Renounce Religion, Fiery Armour, Foxfire Swarm, Rising Flame


You were on level 5 of the Dungeon.
You worshipped Ignis.
Ignis was extremely pleased with you.
You visited 1 branch of the dungeon, and saw 5 of its levels.

You collected 197 gold pieces.

Inventory:

Hand Weapons
 a - a -1 hand axe of flaming
 o - the +3 trident of Ippufaad (weapon) {vamp, *Slow rN+ rCorr}
   (You found it on level 5 of the Dungeon)

   It occasionally heals its wielder for a portion of the damage dealt when it
   wounds a living foe.
   rN:        It protects you from negative energy.
   rCorr:     It protects you from acid and corrosion.
   *Slow:     It may slow you when you take damage.
Armour
 b - a +0 robe (worn)
 f - a +0 cloak (worn)
 l - a +0 pair of gloves (worn)
Jewellery
 g - a ring of magical power (left hand)
Scrolls
 c - 2 scrolls of vulnerability {unknown}
 d - 2 scrolls of identify {unknown}
 h - 4 scrolls of immolation {unknown}
 i - 2 scrolls of fear {unknown}
Potions
 e - a potion of attraction {unknown}
 j - a potion of might {unknown}
 k - a potion of mutation {unknown}
 m - a potion of curing {unknown}
 n - a potion of haste {unknown}


   Skills:
 + Level 4.1 Fighting
 + Level 5.0 Axes
 + Level 0.9 Dodging
 + Level 0.9 Stealth
 + Level 3.0 Spellcasting
 + Level 5.5 Fire Magic


You had 9 spell levels left.
You knew the following spells:

 Your Spells              Type           Power      Damage    Failure   Level
a - Scorch                Fire           34%        2d7       3%          2

Your spell library contained the following spells:

 Spells                   Type           Power      Damage    Failure   Level
 Gell's Gravitas          Tloc           2%         N/A       54%         3
 Lesser Beckoning         Tloc           2%         N/A       54%         3
 Teleport Other           Tloc           2%         N/A       54%         3


Dungeon Overview and Level Annotations

Branches:
Dungeon (5/15)
 Temple: D:4-7

Altars:
Xom
The Shining One

Shops:
D:1 *


Message History

Flames lash the gnoll.
The gnoll is burned terribly!
The gnoll is heavily wounded.
The gnoll barely misses you.
Casting: Scorch (safe; 3% risk of failure)
Press: ? - help, Q - select action Dir - look around, f - activate Flames lash the gnoll.
The gnoll is burned terribly!
You kill the gnoll!
You hear an angry hiss.
A gnoll comes into view. It is wielding a +0 whip.
Your Spellcasting skill increases to level 3!
Casting: Scorch (safe; 3% risk of failure)
Press: ? - help, Q - select action Dir - look around, f - activate Flames lash the gnoll shaman.
The gnoll shaman is moderately wounded.
The gnoll shaman's fire resistance burns away.
Casting: Scorch (safe; 3% risk of failure)
Press: ? - help, Q - select action Dir - look around, f - activate Flames lash the gnoll shaman but do no damage.
You hear an angry hiss.
The gnoll barely misses you.
You barely miss the gnoll shaman.
The gnoll shaman is moderately wounded.
The gnoll hits you from afar with a +2 halberd of venom!
You are poisoned.
The gnoll shaman calls upon its god to speed up the gnoll.
The gnoll seems to speed up.
You puncture the gnoll shaman! You punch the gnoll shaman.
The gnoll shaman is almost dead.
You feel very sick.
The gnoll hits you from afar with a +2 halberd of venom!
You are more poisoned.
The gnoll shaman hits you with a +0 club!
The gnoll closely misses you.
You hit the gnoll shaman.
You kill the gnoll shaman!
You feel extremely sick.
The gnoll hits you from afar with a +2 halberd of venom!
* * * LOW HITPOINT WARNING * * *
The gnoll hits you from afar with a +2 halberd of venom!
You die...

. #..................
##..........###..#
#.......###.)##.#
...[.......#......#
......###......#..# ###
.$....###.....)###......
..#... ##.....# ....#
###. #......###...##
#......)@....#
#...$gg###...# ##.....#
#..# ........# ..#
.......## . ......#
...... ##....


You could see 2 gnolls.

Vanquished Creatures
  An ogre (D:5)
  A scorpion (D:4)
  A gnoll shaman (D:5)
  A hound (D:4)
  2 iguanas
  A gnoll (D:5)
  8 adders
  A dart slug (D:1)
  5 bats
  5 endoplasms
  A giant cockroach (D:2)
  5 goblins
  4 hobgoblins
  A jackal (D:4)
  2 quokkas
  8 ball pythons
  2 frilled lizards
  5 kobolds
  6 rats
60 creatures vanquished.

Notes
Turn   | Place    | Note
-------+----------+-------------------------------------------
     0 | D:1      | SanguineChosen the Hill Orc Cinder Acolyte began the quest
                  | for the Orb.
     0 | D:1      | Reached XP level 1. HP: 19/19 MP: 2/2
   152 | D:1      | Reached XP level 2. HP: 13/26 MP: 3/3
   818 | D:1      | Found Wulyuk's General Store.
   861 | D:1      | Learned a level 2 spell: Scorch
  1454 | D:2      | Reached XP level 3. HP: 33/33 MP: 0/4
  2672 | D:3      | Reached XP level 4. HP: 40/40 MP: 2/5
  3753 | D:4      | Reached XP level 5. HP: 42/46 MP: 7/7
  3985 | D:4      | Reached skill level 5 in Axes
  4494 | D:4      | Reached skill level 5 in Fire Magic
  4784 | D:4      | Reached XP level 6. HP: 52/52 MP: 9/9
  4970 | D:4      | Found a shimmering altar of Xom.
  4984 | D:4      | Found a glowing golden altar of the Shining One.
  5063 | D:5      | Entered Level 5 of the Dungeon
  5111 | D:5      | Identified the +3 trident of Ippufaad {vamp, *Slow rN+
                  | rCorr}
  5271 | D:5      | Slain by a gnoll

Illustrated notes

Levels and vault maps discovered:
D:1:      dpeg_arrival_arbitrary_c, layout_rooms, serial_shops,
          nicolae_shop_advertising_works [nicolae_subvault_shop_adworks]
D:2:      layout_basic
D:3:      layout_loops_cross
D:4:      layout_loops_ring, nicolae_overflow_hidden_temple,
          kennysheep_generic_room_10
D:5:      layout_cave_pools

Skill      XL: |  1  2  3  4  5  6 |
---------------+-------------------+-----
Fire Magic     | 4 5 |  5.5
Fighting       | 4 |  4.1
Axes           | 5 |  5.0
Spellcasting   | 2 3 |  3.0
Dodging        | |  0.9
Stealth        | |  0.9

Action                   |  1- 3 |  4- 6 || total
-------------------------+-------+-------++-------
Melee: Hand axe          |    54 |    25 ||    79
       Trident           |       |     9 ||     9
       Punch             |       |     1 ||     1
 Cast: Scorch            |    18 |    34 ||    52
Armor: Robe              |    30 |     7 ||    37
Dodge: Dodged            |    35 |    18 ||    53
